 Dungeon Crawl Stone Soup version 0.30.1-3-gfc49f6343a (webtiles) character file.

Game seed: 5495899976970951102

527 Rharriott the Magician (level 7, -4/46 HPs)
             Began as a Djinni Fire Elementalist on Aug 1, 2023.
             Slain by a wight
             ... wielding a +2 mace
              (6 damage)
             ... on level 5 of the Dungeon.
             The game lasted 00:20:48 (4504 turns).

Rharriott the Magician (Djinni Fire Elementalist)   Turns: 4504, Time: 00:20:49

Health: -4/46      AC:  8    Str:  7      XL:     7   Next: 47%
Gold:   268        EV: 12    Int:  6 (19) God:
                   SH:  0    Dex:  6 (13)

rFire   + + .        m - +0 falchion
rCold   . . .        (no shield)
rNeg    . . .        a - +2 robe
rPois   ∞            (helmet restricted)
rElec   .            k - +0 cloak
rCorr   .            j - +2 pair of gloves
SInv    .            (boots unavailable)
Will    .....        (no amulet)
Stlth   +            d - ring of protection from cold
HPRegen 0.00/turn    (no ring)
MPRegen 0.00/turn

%: infuse magic (-5 HP)
@: flying, inhibited regen, very slow
A: sickness immunity, fire resistance 2, cold vulnerability 1, float, innate
caster, HP casting, extra vitality 1, horns 1, inhibited regeneration, sturdy
frame 1
a: no special abilities


You were on level 5 of the Dungeon.
You visited 1 branch of the dungeon, and saw 5 of its levels.

You collected 268 gold pieces.

Inventory:

Hand Weapons
 m - a +0 falchion (weapon)
Missiles
 f - 5 curare-tipped darts
 g - 2 boomerangs of dispersal
 s - 6 poisoned darts
Armour
 a - a +2 robe (worn)
 j - a +2 pair of gloves (worn)
 k - a +0 cloak (worn)
Jewellery
 d - a ring of protection from cold (left hand)
Scrolls
 e - a scroll of immolation {unknown}
 h - 4 scrolls of teleportation
 i - a scroll of summoning {unknown}
 l - 2 scrolls of poison
 n - 3 scrolls of identify
 p - a scroll of silence {unknown}
Potions
 b - 2 potions of heal wounds
 c - a potion of curing
 o - a potion of haste
 q - a potion of cancellation
 r - a potion of brilliance {unknown}


   Skills:
 + Level 0.7 Fighting
 + Level 1.3 Long Blades
 + Level 4.1 Dodging
 + Level 2.0 Stealth
 + Level 5.2 Spellcasting


You knew the following spells:

 Your Spells              Type           Power      Damage    Failure   Level
a - Foxfire               Conj/Fire      28%        2x1d5     3%          1
b - Scorch                Fire           14%        2d6       5%          2
c - Volatile Blastmotes   Fire/Tloc      14%        2d11      11%         3
d - Inner Flame           Hex/Fire       7%         N/A       11%         3
e - Flame Wave            Conj/Fire      7%         2d5       34%         4
f - Apportation           Tloc           14%        N/A       3%          1
g - Ensorcelled Hibernat  Hex/Ice        14%        N/A       5%          2
h - Mephitic Cloud        Conj/Pois/Air  7%         N/A       11%         3
Your spell library was empty.

Dungeon Overview and Level Annotations

Branches:
Dungeon (5/15)
 Temple: D:4-7

Altars:
Ashenzari
Cheibriados
Xom
Yredelemnul

Shops:
D:1 [

Annotations:
D:4 3 runed translucent doors, turdburglar's ghost, novice KoBr


Innate Abilities, Weirdness & Mutations

You are immune to sickness and miasma.
You are immune to poison.
Your flesh is very heat resistant. (rF++)
You are vulnerable to cold. (rC-)
You float through the air rather than walking.
You learn spells naturally, not from books.
Your magical power is your life essence.
You have superior vitality. (+4 MHP)
You have a pair of small horns on your head.
You do not regenerate when monsters are visible.
Your movements are slightly less encumbered by armour. (ER -2)


Message History

Casting: Scorch (safe; 5% risk of failure)
Confirm with . or Enter, or press ? or * to list all spells.
Flames lash the wight.
The wight is heavily damaged.
Casting: Scorch (safe; 5% risk of failure)
Confirm with . or Enter, or press ? or * to list all spells.
You miscast Scorch.
You are very lightly contaminated with residual magic.
Nothing appears to happen.
The wight hits you with a +2 mace. The wight closely misses you.
Casting: Scorch (safe; 5% risk of failure)
Confirm with . or Enter, or press ? or * to list all spells.
Flames lash the wight.
The wight is burned terribly!
The wight is almost destroyed.
The wight hits you with a +2 mace. The wight hits you with a +0 flail.
Casting: Scorch (safe; 5% risk of failure)
Confirm with . or Enter, or press ? or * to list all spells.
Flames lash the wight.
The wight is moderately damaged.
The wight's fire resistance burns away.
The wight barely misses you. x2
The wight misses you.
Casting: Scorch (safe; 5% risk of failure)
Confirm with . or Enter, or press ? or * to list all spells.
Flames lash the wight but do no damage.
The wight hits you with a +0 short sword.
The wight hits you with a +2 mace!
* * * LOW HITPOINT WARNING * * *
The wight barely misses you. The wight attacks as you move away!
The wight hits you but does no damage.
The wight is no longer more vulnerable to fire. x2
Your magical contamination has completely faded away.
The wight is no longer more vulnerable to fire.
The wight closely misses you. The wight attacks as you move away!
The wight barely misses you. The wight hits you with a +2 mace.
* * * LOW HITPOINT WARNING * * *
The wight attacks as you move away! The wight hits you with a +2 mace.
* * * LOW HITPOINT WARNING * * *
The wight hits you with a +2 mace.
You die...

##...# ###......#
.....###...#.##.##
##...#...........#
.....#.####.####.####
##.#...#.......#....#
#.....#.......#.z#.#
##.##..#.......#z## #
.<.##..#..._...#z#
#####..#.......#@#
#..#.......#.#
#..#.......#.# ...#
#.# ##.. ..# ... ###


You could see 3 wights.

Vanquished Creatures
  2 black bears
  A gnoll bouda (D:4)
  3 hounds
  A sleepcap (D:5)
  An iguana (D:4)
  5 adders
  3 gnolls (D:4)
  2 adder zombies (D:4)
  4 worms
  3 dart slugs
  2 orcs
  10 endoplasms
  4 giant cockroaches
  5 goblins
  10 hobgoblins
  8 kobolds
  4 quokkas
  3 ball pythons
  8 bats
  2 frilled lizards
  4 rats
85 creatures vanquished.

Vanquished Creatures (others)
  31 foxfires
31 creatures vanquished.

Grand Total: 116 creatures vanquished

Notes
Turn   | Place    | Note
-------+----------+-------------------------------------------
     0 | D:1      | Rharriott the Djinni Fire Elementalist began the quest for
                  | the Orb.
     0 | D:1      | Rharriott set off with the following spells memorised:
                  | Foxfire, Scorch, Volatile Blastmotes, Inner Flame, Flame
                  | Wave.
     0 | D:1      | Reached XP level 1. HP: 15/15 MP: 0/0
    83 | D:1      | Reached XP level 2. HP: 7/21 MP: 0/0
   269 | D:1      | Found Womirphya's Armour Boutique.
   332 | D:1      | Reached skill level 3 in Spellcasting
   333 | D:1      | Found a faded altar of an unknown god.
   360 | D:1      | Noticed a golden eye
   361 | D:1      | Noticed a great orb of eyes
   367 | D:1      | Noticed a shining eye
   373 | D:1      | Reached XP level 3. HP: 19/25 MP: 0/0
   373 | D:1      | Learned a level 1 spell: Apportation
   375 | D:1      | Noticed a shining eye
   391 | D:1      | Prayed at the altar of an unknown god.
   391 | D:1      | Became a worshipper of Cheibriados the Contemplative
   391 | D:1      | Reached * piety under Cheibriados
   478 | D:1      | Fell from the grace of Cheibriados
  1110 | D:2      | Reached XP level 4. HP: 12/31 MP: 0/0
  1792 | D:2      | Gained mutation: Your movements are slightly less
                  | encumbered by armour. (ER -2) [potion of mutation]
  2103 | D:3      | Reached XP level 5. HP: 31/35 MP: 0/0
  2103 | D:3      | Learned a level 2 spell: Ensorcelled Hibernation
  2334 | D:3      | Reached skill level 4 in Spellcasting
  2444 | D:3      | Found a shimmering altar of Xom.
  3343 | D:4      | Reached skill level 1 in Long Blades
  3344 | D:4      | Noticed a black bear
  3354 | D:4      | Killed a black bear
  3355 | D:4      | Reached XP level 6. HP: 20/41 MP: 0/0
  3453 | D:4      | Lost mutation: Your movements are slightly less encumbered
                  | by armour. (ER -2) [potion of mutation]
  3453 | D:4      | Gained mutation: Your movements are slightly less
                  | encumbered by armour. (ER -2) [potion of mutation]
  3453 | D:4      | Gained mutation: You do not regenerate when monsters are
                  | visible. [potion of mutation]
  3453 | D:4      | Gained mutation: You have a pair of small horns on your
                  | head. [potion of mutation]
  3927 | D:4      | Found a runed translucent gate.
  3927 | D:4      | Found a runed translucent gate.
  3927 | D:4      | Found a runed translucent gate.
  3927 | D:4      | Noticed turdburglar's ghost (novice KoBr)
  3929 | D:4      | Found a basalt altar of Yredelemnul.
  4226 | D:5      | Entered Level 5 of the Dungeon
  4249 | D:5      | Reached XP level 7. HP: 40/46 MP: 0/0
  4249 | D:5      | Learned a level 3 spell: Mephitic Cloud
  4371 | D:5      | Reached skill level 5 in Spellcasting
  4475 | D:5      | Found a broken altar of Ashenzari.
  4502 | D:5      | HP: 2/46 [wight/+2 mace (4)]
  4504 | D:5      | Slain by a wight

Illustrated notes

Levels and vault maps discovered:
D:1:      wheals_arrival_linesprint, layout_basic, serial_shops,
          nicolae_diamond_shop, hellmonk_ecumenical_altar_watching_god
D:2:      layout_loops_ring, minmay_pentomino_q4
D:3:      layout_loops_ring, led_xom_imps
D:4:      layout_loops_ring, nicolae_yredelemnul_ghost_church,
          minmay_gold_behind_fungi, hangedman_decor_lopped
D:5:      layout_loops_ring, lemuel_tele_altar, uniq_eustachio, uniq_edmund

Skill      XL: |  1  2  3  4  5  6  7 |
---------------+----------------------+-----
Spellcasting   | 3 4 5 |  5.2
Dodging        | 3 4 |  4.1
Long Blades    | 1 |  1.3
Stealth        | 2 |  2.0
Fighting       | |  0.7

Action                     |  1- 3 |  4- 6 |  7- 9 || total
---------------------------+-------+-------+-------++-------
  Melee: Unarmed           |     3 |       |       ||     3
         Falchion          |       |   307 |       ||   307
         Punch             |       |     4 |       ||     4
  Throw: Dart              |       |     2 |       ||     2
   Cast: Foxfire           |    23 |     3 |       ||    26
         Scorch            |    28 |    85 |    18 ||   131
         Volatile Blastmot |     1 |     1 |       ||     2
 Invoke: Renounce Religion |     1 |       |       ||     1
    Use: Scroll            |     3 |     7 |       ||    10
         Potion            |     1 |     4 |       ||     5
 Armour: Robe              |     5 |   266 |     3 ||   274
  Dodge: Dodged            |    17 |   416 |    10 ||   443
